 Dungeon Crawl Stone Soup version 0.24-a0-584-g9d6b971ae4 (webtiles) character file.

Game seed: 3256069998197701642, levelgen mode: deterministic

3072 jjplay175 the Blocker (level 10, -4/80 HPs)
             Began as a Formicid Fighter on Aug 30, 2019.
             Was a Follower of Okawaru.
             Slain by an orc warrior
             ... wielding a +0 glaive
              (17 damage)
             ... on level 7 of the Dungeon.
             The game lasted 00:38:14 (8014 turns).

jjplay175 the Blocker (Formicid Fighter)            Turns: 8014, Time: 00:38:14

Health: -4/80      AC: 14    Str: 23    XL:     10   Next: 12%
Magic:  10/10      EV:  7    Int:  9    God:    Okawaru [*.....]
Gold:   221        SH: 11    Dex: 10    Spells: 9/9 levels left

rFire    + . .     SeeInvis +   l - +3 hand axe (venom)
rCold    x . .     Gourm    .   c - +0 shield
rNeg     . . .     Faith    .   K - +0 plate armour
rPois    .         Spirit   .   (helmet unavailable)
rElec    .         Reflect  .   (no cloak)
rCorr    .         Harm     .   p - +0 pair of gloves
MR       +....                  (no boots)
Stlth    ..........             (no amulet)
HPRegen  0.23/turn              k - ring of fire
MPRegen  0.12/turn              (no ring)

@: no status effects
A: permanent stasis, dig shafts and tunnels, four strong arms, antennae 3
a: Dig, Shaft Self, Heroism, Renounce Religion


You were on level 7 of the Dungeon.
You worshipped Okawaru.
Okawaru was aware of your devotion.
You were not hungry.

You visited 2 branches of the dungeon, and saw 8 of its levels.
You also visited: Ossuary.

You collected 221 gold pieces.

Inventory:

Hand Weapons
 a - a +0 long sword
 j - a +3 club
 l - a +3 hand axe of venom (weapon)
 t - a +2 dagger of protection
 u - a +1 flail of draining
 I - a +3 short sword of holy wrath
Missiles
 b - 4 boomerangs
 e - 221 stones (quivered)
 y - 6 javelins
 J - 2 boomerangs of dispersal
Armour
 c - a +0 shield (worn)
 p - a +0 pair of gloves (worn)
 K - a +0 plate armour (worn)
Jewellery
 k - a ring of fire (left hand)
Wands
 i - a wand of enslavement (19)
 C - a wand of polymorph (6)
 H - a wand of digging (5)
Scrolls
 q - 2 scrolls of remove curse
 w - 3 scrolls of enchant weapon
 x - 5 scrolls of identify
 z - a scroll of vulnerability {unknown}
 D - a scroll of fog {unknown}
 E - 2 scrolls of fear {unknown}
 F - 2 scrolls of enchant armour {unknown}
 G - a scroll of amnesia
 L - a scroll of noise {unknown}
Potions
 d - a potion of might
 g - 2 potions of mutation {unknown}
 h - a potion of flight
 m - a potion of curing
 n - a potion of brilliance
 o - a potion of invisibility {unknown}
 r - 5 potions of cancellation
 s - 3 potions of lignification
 v - a potion of ambrosia
 A - a potion of magic {unknown}
 B - a potion of heal wounds {unknown}
 M - a potion of degeneration {unknown}
Comestibles
 f - 19 rations
 N - 7 chunks of flesh


   Skills:
 * Level 8.0 Fighting
 - Level 5.3 Long Blades
 * Level 4.6 Axes
 * Level 8.0 Armour
 * Level 8.7 Shields


You had 9 spell levels left.
You didn't know any spells.
Your spell library contained the following spells:

 Spells                   Type           Power        Failure   Level  Hunger
 Beastly Appendage        Tmut           #.....       99%         1    ##.....
 Sticks to Snakes         Tmut           #.......     100%        2    ###....
 Spider Form              Tmut/Pois      #.........   100%        3    ####...
 Ice Form                 Ice/Tmut       #.......     100%        4    #####..
 Blade Hands              Tmut           #.........   100%        5    ######.


Dungeon Overview and Level Annotations

Branches:
Dungeon (7/15)             Temple (1/1) D:6         Ossuary (visited)

Altars:
Ashenzari
Cheibriados
Dithmenos
Fedhas
Gozag
Hepliaklqana
Kikubaaqudgha
Makhleb
Nemelex Xobeh
Okawaru
Qazlal
Ru
Sif Muna
Trog
Uskayaw
Vehumet
Wu Jian
Xom
Yredelemnul
Zin
The Shining One

Shops:
D:6 *


Innate Abilities, Weirdness & Mutations

You cannot be hasted, slowed, berserked, paralysed or teleported.
You can dig through walls and to a lower floor.
Your four strong arms can wield two-handed weapons with a shield.
You have a pair of large antennae on your head. (SInv)


Message History

Your Armour skill increases to level 8!
The orc warrior hits you from afar with a +0 glaive!!
Your plate armour prevents you from hitting the orc.
The orc warrior hits you from afar with a +0 glaive!
* * * LOW HITPOINT WARNING * * *
The orc hits you but does no damage.
You barely miss the orc.
The orc warrior hits you but does no damage.
The orc barely misses you.
There are monsters nearby!
As you open the door, it creaks loudly!
There is an open door here.
There is an open door here.
You open the door.
The orc warrior hits you from afar with a +0 glaive!!
* * * LOW HITPOINT WARNING * * *
There is an open door, spattered with blood here.
You feel better.
The orc warrior hits you from afar with a +0 glaive!
You die...

##................#...#.....#
........#...#.....#...#.....#
........#####.....#...#.....#
.._.....#...#.....#...#.....#
........#...#.....#...#.....#
........'...#.....#...#.....#
##......#...'o....#...#.....#
........#####.....#...#.....#
..#######...#.o.@.#'###.....#
..#.........#.....+...#.....#
............#.....#...#.....#
............##'####...#.....#
..รท...................#.....#
##.##.................#.....#
#.###..##........##########.#
#.##...##........##...##....#####
.###...##...##...##........#.....


You could see an orc warrior and an orc.

Vanquished Creatures
  A hippogriff (D:7)
  Sigmund (D:3)
  2 wraiths (Ossuary)
  An orc warrior (D:6)
  2 ice beasts
  2 sky beasts
  A necrophage (D:6)
  2 phantoms
  4 ogres
  A bullfrog (D:6)
  Blork the orc (D:4)
  A wyvern zombie (D:6)
  2 scorpions
  2 wights (Ossuary)
  2 crimson imps
  A hound (D:4)
  5 orc wizards
  5 orc priests
  Jessica (D:3)
  Natasha (thrice) (D:2)
  8 worker ants
  Ijyb (D:4)
  Terence (D:3)
  Robin (D:2)
  3 gnolls (D:4)
  11 adders
  An ooze (D:6)
  3 worms
  A dart slug (D:1)
  A leopard gecko (D:1)
  23 orcs
  3 bats (D:2)
  5 giant cockroaches
  16 goblins
  8 hobgoblins
  20 jackals
  2 quokkas
  2 frilled lizards
  3 hobgoblin skeletons (Ossuary)
  7 kobolds
  2 kobold zombies (Ossuary)
  3 orc skeletons (Ossuary)
  An orc zombie (Ossuary)
  9 rats
175 creatures vanquished.

Notes
Turn   | Place    | Note
-------+----------+-------------------------------------------
     0 | D:1      | jjplay175 the Formicid Fighter began the quest for the Orb.
     0 | D:1      | Reached XP level 1. HP: 18/18 MP: 1/1
   605 | D:1      | Reached XP level 2. HP: 24/24 MP: 2/2
   789 | D:2      | Reached XP level 3. HP: 19/29 MP: 3/3
  1194 | D:2      | Noticed Natasha
  1205 | D:2      | Killed Natasha
  1205 | D:2      | Reached XP level 4. HP: 13/37 MP: 4/4
  1250 | D:2      | Noticed Natasha
  1623 | D:2      | Killed Natasha
  1922 | D:2      | Noticed Natasha
  1939 | D:2      | Killed Natasha
  1939 | D:2      | Reached XP level 5. HP: 33/42 MP: 5/5
  2017 | D:2      | Found a faded altar of an unknown god.
  2416 | D:3      | Noticed Robin
  2804 | D:2      | Killed Robin
  2817 | D:3      | Reached XP level 6. HP: 22/49 MP: 6/6
  3071 | D:3      | Reached skill level 5 in Shields
  3199 | D:3      | Noticed Jessica
  3203 | D:3      | Killed Jessica
  3287 | D:3      | Noticed Sigmund
  3300 | D:3      | Killed Sigmund
  3300 | D:3      | Reached skill level 5 in Fighting
  3300 | D:3      | Reached skill level 5 in Armour
  3300 | D:3      | Reached XP level 7. HP: 43/56 MP: 7/7
  3324 | D:3      | Noticed Terence
  3361 | D:3      | Killed Terence
  3677 | D:4      | Found an ornate altar of the Wu Jian Council.
  4097 | D:4      | Reached XP level 8. HP: 54/63 MP: 8/8
  4168 | D:4      | Noticed Blork the orc
  4177 | D:4      | Killed Blork the orc
  4206 | D:4      | Noticed Ijyb
  4216 | D:4      | Killed Ijyb
  4356 | D:4      | Found a bloodstained altar of Trog.
  4752 | D:4      | Found a shadowy altar of Dithmenos.
  4907 | D:4      | Reached skill level 5 in Long Blades
  4907 | D:4      | Reached skill level 1 in Axes
  4929 | D:4      | Found a burning altar of Makhleb.
  5021 | D:5      | Entered Level 5 of the Dungeon
  5126 | D:5      | Found a shimmering altar of Xom.
  5531 | D:6      | Found a shattered altar of Ashenzari.
  5578 | D:6      | Reached XP level 9. HP: 64/71 MP: 9/9
  6053 | D:6      | Found Nupeam's General Store.
  6072 | D:6      | Found a blossoming altar of Fedhas.
  6099 | D:6      | Found a staircase to the Ecumenical Temple.
  6110 | Temple   | Entered the Ecumenical Temple
  6214 | Temple   | Became a worshipper of Warmaster Okawaru
  6913 | D:6      | Reached * piety under Okawaru
  7164 | D:7      | Noticed a hippogriff
  7174 | D:7      | Killed a hippogriff
  7426 | D:7      | Found a sand-covered staircase.
  7431 | Ossuary  | Entered an ossuary
  7622 | Ossuary  | Reached XP level 10. HP: 43/80 MP: 10/10
  7868 | D:7      | Found a shattered altar of Ashenzari.
  8014 | D:7      | Slain by an orc warrior

Levels and vault maps discovered:
D:1:      elethiomel_arrival_shortcut, layout_basic
D:2:      layout_basic, chequers_ecumenical_altar_lobes, first_ration,
          uniq_natasha
D:3:      layout_rooms, serial_corexii_hall, corexii_hall_statues_i,
          corexii_hall_statues_l, uniq_robin, uniq_terence, uniq_jessica,
          uniq_sigmund
D:4:      layout_basic, lemuel_round_altar, overflow_temple_1_default,
          nicolae_dithmenos_the_darkroom, trog_hazing_becter, uniq_ijyb,
          uniq_blork_the_orc
D:5:      layout_rooms, basic_altar
D:6:      layout_basic, nicolae_ashenzari_panopticon, kennysheep_little_box,
          minmay_temple_entry_glassed_door, serial_shops, nicolae_shop_crystal
D:7:      layout_gridville, basic_altar, enter_ossuary_2, grunt_ogre_cave,
          lightli_minifort, uniq_pikel, uniq_crazy_yiuf_cottage, uniq_joseph
Temple:   regret_index_temple_waves

Skill      XL: |  1  2  3  4  5  6  7  8  9 10 |
---------------+-------------------------------+-----
Shields        | 4 5 6 7 8 |  8.7
Fighting       | 4 5 6 7 8 |  8.0
Armour         | 4 5 6 7 8 |  8.0
Long Blades    | 3 4 5 |  5.3
Axes           | 2 4 |  4.6

Action                   |  1- 3 |  4- 6 |  7- 9 | 10-12 || total
-------------------------+-------+-------+-------+-------++-------
Melee: Long sword        |    85 |   141 |       |       ||   226
       Hand axe          |       |    56 |   401 |    43 ||   500
 Abil: Dig               |       |       |     9 |       ||     9
  Use: Potion            |       |     3 |     1 |     2 ||     6
       Scroll            |       |     4 |     6 |       ||    10
  Eat: Chunk             |     1 |     7 |    14 |       ||    22
       Ration            |       |       |       |     1 ||     1
Armor: Scale mail        |    34 |     6 |       |       ||    40
       Chain mail        |       |   113 |   123 |       ||   236
       Plate armour      |       |       |    41 |    21 ||    62
Dodge: Dodged            |    30 |    51 |    85 |     4 ||   170
Block: Shield            |    45 |   121 |   210 |    16 ||   392
       Rpst.: Long sword |    10 |    12 |       |       ||    22

Table legend:
 A = Non-vault XP
 B = Vault XP
 C = Vault XP percentage of total XP
 D = Non-vault monster count
 E = Vault monster count
 F = Vault count percentage of total count
                 A         B        C        D         E       F
            +---------+---------+-------+---------+---------+-------
      Total |    3128 |    1261 |  28.7 |     134 |      41 |  23.4
            +---------+---------+-------+---------+---------+-------
        D:1 |      19 |       0 |   0.0 |      10 |       0 |   0.0
        D:2 |     154 |      72 |  31.9 |      30 |      13 |  30.2
        D:3 |     204 |     292 |  58.9 |      26 |       3 |  10.3
        D:4 |     696 |     141 |  16.8 |      25 |       8 |  24.2
        D:5 |     374 |       0 |   0.0 |      10 |       0 |   0.0
        D:6 |    1286 |       0 |   0.0 |      29 |       0 |   0.0
        D:7 |     395 |     202 |  33.8 |       4 |       4 |  50.0
    Ossuary |       0 |     554 | 100.0 |       0 |      13 | 100.0
            +---------+---------+-------+---------+---------+-------
